 Dungeon Crawl Stone Soup version 0.31-a0-986-g5e6e4ef867 (webtiles) character file.

Game seed: 8087439448159022538

879 avis the Ducker (level 7, 33/33 HPs)
             Began as a Felid Shapeshifter on Nov 9, 2023.
             Was an Initiate of Gozag.
             Got out of the dungeon alive.
             The game lasted 00:18:57 (2942 turns).

avis the Ducker (Felid Shapeshifter)                Turns: 2942, Time: 00:18:58

Health: 33/33      AC:  2    Str: 10    XL:     7   Next: 75%
Magic:  8/8        EV: 25    Int: 11    God:    Gozag
Gold:   238        SH:  0    Dex: 18    Spells: 6/6 levels left
                                        Lives:  1   Deaths: 2

rFire   . .          .
                       - Unarmed
rCold   . . .        (shield unavailable)
rNeg    . . .        (body armour unavailable)
rPois   .            (helmet unavailable)
rElec   .            (cloak unavailable)
rCorr   .            (gloves unavailable)
SInv    +            (boots unavailable)
Will    +....        (no amulet)
Stlth   ++           s - +5 ring of evasion
HPRegen 0.25/turn    (no ring)
MPRegen 0.11/turn

%: no passive effects
@: beast-form, quick
A: beast (slay +3), very small, claws 1, fangs 3, see invisible, speed 1, shaggy
fur 2, stealthy paws, no weapons or thrown items, no armour, multi-lived
a: Begin Untransformation, Renounce Religion, Potion Petition, Call Merchant,
Bribe Branch


You escaped.
You worshipped Gozag.
Gozag was aware of your devotion.
You were a hulking beast.
You visited 1 branch of the dungeon, and saw 4 of its levels.

You collected 275 gold pieces.
You paid 37 gold pieces to Gozag.

Inventory:

Jewellery
 s - a +5 ring of evasion (left paw)
Talismans
 b - a beast talisman
 c - a flux talisman
Wands
 a - a wand of flame (12)
 r - a wand of roots (2)
Scrolls
 d - a scroll of identify
 e - 2 scrolls of revelation {unknown}
 g - 3 scrolls of immolation
 h - a scroll of blinking {unknown}
 i - a scroll of fear {unknown}
 j - 2 scrolls of enchant armour {unknown}
 o - a scroll of torment {unknown}
 q - a scroll of brand weapon {unknown}
Potions
 f - 3 potions of mutation
 k - 2 potions of enlightenment {unknown}
 l - 4 potions of curing
 m - 2 potions of attraction {unknown}
 n - a potion of ambrosia {unknown}
 p - 2 potions of heal wounds {unknown}


   Skills:
 - Level 5.0 Fighting
 - Level 6.0 Dodging
 - Level 1.0 Stealth
 - Level 5.0 Unarmed Combat
 * Level 5.4 Shapeshifting


You had 6 spell levels left.
You didn't know any spells.
Your spell library contained the following spells:

 Spells                   Type           Power      Damage    Failure   Level
 Apportation              Tloc           0%         N/A       34%         1
 Jinxbite                 Hex            0%         N/A       47%         2
 Alistair's Intoxication  Tmut/Pois      0%         N/A       100%        5


Dungeon Overview and Level Annotations

Branches:
Dungeon (4/15)
 Temple: D:4-7

Altars:
Gozag
Trog
Vehumet

Annotations:
D:1 Can't reach some places


Innate Abilities, Weirdness & Mutations

You are a hulking beast.
Your limbs bulge with bestial killing power. (Slay +3)
You have sharp claws.
You have razor-sharp teeth.
You have supernaturally acute eyesight. (SInv)
You cover ground quickly. (Speed+)
You are covered in thick fur. (AC +2)
Your paws help you pounce on unaware monsters.
You are incapable of wielding weapons or throwing items.
You cannot wear armour.
You gain extra lives every three experience levels.


Message History

You scratch Pikel.
Flame seeps out of Pikel.
Pikel is moderately wounded.
Pikel is engulfed in blazing flames.
Flame seeps out of Pikel.
Pikel hits you with a +1 whip of electrocution.
You claw Pikel!
Flame seeps out of Pikel.
Pikel is severely wounded.
Pikel is engulfed in blazing flames.
With Pikel's spell broken, his former minions thank you for their freedom.
The lemure departs this earthly plane. x4
Pikel explodes!
The fiery explosion engulfs you!!
Ouch! That really hurt!
You die...
Your shape twists and changes as you die.
You rejoin the land of the living...
Training target 6.0 for Dodging reached!
Your Dodging skill gained 3 levels and is now at level 6!
You need to enable at least one skill for training.
Training target 4.0 for Fighting reached!
Your Fighting skill increases to level 4!
You need to enable at least one skill for training.
Training target 5.0 for Fighting reached!
Your Fighting skill increases to level 5!
You need to enable at least one skill for training.
You have reached level 7!
Extra life!
What level of the Dungeon? (default 3, ? - help)
There is an escape hatch in the ceiling here.
A mysterious force pulls you upwards. The hatch slams shut behind you.
There is a stone staircase leading up, spattered with blood here.
You climb upwards.
There is a stone staircase leading down here.
There is a stone staircase leading up here.
You climb upwards.
Level annotation: Can't reach some places
There is a stone staircase leading down here.
You enter the shallow water.
Moving in this stuff is going to be slow.
There is a staircase leading out of the dungeon here.
You have escaped!

### ##h# ##
##..#
#≈###...##
#≈≈≈#....#
#≈≈≈≈~~..#####
####
###≈~≈~≈≈≈≈≈≈##
...#
##..~~≈≈~≈≈≈#
##.#
#.......##≈≈#
#.# ##...)....#
##


There were no monsters in sight!

Vanquished Creatures
  Pikel (D:4)
  A water moccasin (D:4)
  A black bear (D:4)
  An orc priest (D:2)
  Ijyb (D:3)
  Robin (D:1)
  A gnoll (D:1)
  3 adders
  A worm (D:3)
  5 dart slugs
  4 orcs
  3 bats
  7 endoplasms
  2 giant cockroaches
  14 goblins
  15 hobgoblins
  9 jackals
  9 kobolds
  2 quokkas
  9 ball pythons
  4 frilled lizards
  5 rats
99 creatures vanquished.

Notes
Turn   | Place    | Note
-------+----------+-------------------------------------------
     0 | D:1      | avis the Felid Shapeshifter began the quest for the Orb.
     0 | D:1      | Reached XP level 1. HP: 9/9 MP: 2/2
   218 | D:1      | Reached XP level 2. HP: 12/13 MP: 3/3
   379 | D:1      | Reached skill level 3 in Dodging
   569 | D:1      | Reached XP level 3. HP: 16/16 MP: 4/4
   615 | D:1      | Reached skill level 1 in Stealth
  1045 | D:2      | Reached XP level 4. HP: 19/19 MP: 5/5
  1178 | D:2      | Noticed Robin
  1413 | D:1      | Killed Robin
  1796 | D:3      | Found a faded altar of an unknown god.
  1825 | D:3      | Noticed Ijyb
  1879 | D:3      | Slain by Ijyb
  1963 | D:2      | Reached skill level 5 in Unarmed Combat
  1963 | D:2      | Reached XP level 5. HP: 14/22 MP: 6/6
  2175 | D:3      | Found an opulent altar of Gozag.
  2281 | D:3      | HP: 1/33 [Ijyb/puff of flame (12)]
  2283 | D:3      | Killed Ijyb
  2415 | D:3      | Became a worshipper of Gozag Ym Sagoz the Greedy
  2498 | D:3      | Found a radiant altar of Vehumet.
  2526 | D:3      | Found a bloodstained altar of Trog.
  2648 | D:4      | Noticed a black bear
  2715 | D:4      | Noticed a water moccasin
  2742 | D:4      | Killed a water moccasin
  2743 | D:4      | Gained mutation: You are covered in thick fur. (AC +2)
                  | [Felid growth]
  2743 | D:4      | Reached XP level 6. HP: 22/28 MP: 7/7
  2762 | D:4      | Reached skill level 5 in Shapeshifting
  2861 | D:4      | Noticed Pikel
  2869 | D:4      | Killed Pikel
  2869 | D:4      | Killed by an exploding Pikel... ignited by their inner
                  | flame
  2870 | D:4      | Reached skill level 6 in Dodging
  2870 | D:4      | Reached skill level 5 in Fighting
  2870 | D:4      | Reached XP level 7. HP: 33/33 MP: 8/8
  2942 | D:$      | Got out of the dungeon alive.

Illustrated notes

Levels and vault maps discovered:
D:1:      eino_arrival_cavern_b, layout_rooms, serial_co_window_serial,
          co_window_paths_a, co_window_of_opportunity_a, co_window_corner_a,
          co_window_paths_b, co_window_corner_a, co_window_broadway_b,
          co_window_corner_b, co_window_unsneaky_path_a,
          co_window_unsneaky_path_d, co_window_broadway_a, co_window_paths_c,
          co_window_paths_e
D:2:      layout_rooms, uniq_robin
D:3:      layout_rooms, mainiacjoe_overflow_boulevard, vehumet_crystals,
          bloody_trog, hellmonk_ecumenical_altar_pennies_from_heaven,
          minmay_misc_feat_rows, nicolae_goblin_pals
D:4:      layout_cave_pools, abandoned_shop, uniq_pikel

Skill      XL: |  1  2  3  4  5  6 |
---------------+-------------------+-----
Fighting       | 2 3 5 |  5.0
Dodging        | 3 6 |  6.0
Shapeshifting  | 4 5 |  5.4
Stealth        | 1 |  1.0
Unarmed Combat | 5 |  5.0

Action                     |  1- 3 |  4- 6 |  7- 9 || total
---------------------------+-------+-------+-------++-------
  Melee: Unarmed           |    74 |   147 |       ||   221
         Punch             |     2 |     9 |       ||    11
         Bite              |     7 |    15 |       ||    22
  Evoke: Wand              |       |     3 |       ||     3
    Use: Potion            |       |     1 |       ||     1
         Scroll            |       |     3 |       ||     3
   Stab: Sleeping          |     1 |     1 |       ||     2
 Armour: Skin              |    15 |    54 |       ||    69
  Dodge: Dodged            |    57 |   121 |       ||   178

Table legend: (Time is in decaauts)
 A = Elapsed time spent in this place.
 B = Non-inter-level travel time spent in this place.
 C = Inter-level travel time spent in this place.
 D = Time resting spent in this place.
 E = Time spent auto-exploring this place.
 F = Levels seen in this place.
 G = Mean time per level.
                   A        B        C        D        E       F      G
               +--------+--------+--------+--------+--------+-----+--------+
         Total |   2510 |   2346 |    164 |    308 |   1057 |   4 |  627.5 |
       Dungeon |   2510 |   2346 |    164 |    308 |   1057 |   4 |  627.5 |
               +--------+--------+--------+--------+--------+-----+--------+

Top non-repeatable levels by time:
     D:1: 1075 daAuts
     D:3: 649 daAuts
     D:2: 572 daAuts
     D:4: 212 daAuts
